 Dungeon Crawl Stone Soup version 0.27-a0-972-gd1521fd518 (webtiles) character file.

Game seed: 15388023841622098239

98 tensugalgo the Cutter (level 4, -2/41 HPs)
             Began as a Gnoll Chaos Knight on Apr 13, 2021.
             Was a Plaything of Xom.
             Slain by Terence the unseen horror (shapeshifter) (9 damage)
             ... on level 3 of the Dungeon.
             The game lasted 00:02:05 (2624 turns).

tensugalgo the Cutter (Gnoll Chaos Knight)          Turns: 2624, Time: 00:02:05

Health: -2/41      AC:  8    Str: 11 (12) XL:     4   Next: 69%
Magic:  5/5        EV:  9    Int: 11 (12) God:    Xom [.*....]
Gold:   94         SH:  0    Dex:  6 (11) Spells: 5/5 levels left

rFire    . . .     SeeInvis .   a - +0 short sword (chaos)
rCold    . . .     Faith    .   (no shield)
rNeg     . . .     Spirit   .   l - +0 scale mail {rPois}
rPois    +         Reflect  .   (no helmet)
rElec    .         Harm     .   h - +0 cloak
rCorr    .         Rampage  .   (no gloves)
Will     .....                  (no boots)
Stlth    ..........             (no amulet)
HPRegen  0.13/turn              (no ring)
MPRegen  0.09/turn              (no ring)

@: very slightly contaminated, invisible
A: fangs 1, strong nose, distributed training
a: Renounce Religion


You were on level 3 of the Dungeon.
You worshipped Xom.
You were a plaything of Xom.
You visited 1 branch of the dungeon, and saw 3 of its levels.

You collected 94 gold pieces.

Inventory:

Hand Weapons
 a - a +0 short sword of chaos (weapon)
Armour
 b - a +2 leather armour
 h - a +0 cloak (worn)
 l - a +0 scale mail of poison resistance (worn)
Scrolls
 c - 5 scrolls of identify {unknown}
 d - 4 scrolls of teleportation {unknown}
 e - 4 scrolls of noise {unknown}
 j - a scroll of holy word {unknown}
 m - a scroll of magic mapping {unknown}
 n - a scroll of fear {unknown}
 p - a scroll of enchant weapon {unknown}
 r - a scroll of immolation {unknown}
 s - a scroll of amnesia {unknown}
Potions
 o - a potion of mutation {unknown}
 q - a potion of attraction {unknown}


   Skills:
 + Level 6.6 Fighting
 + Level 6.6 Short Blades
 + Level 1.2 Long Blades
 + Level 1.2 Axes
 + Level 1.2 Maces & Flails
 + Level 1.2 Polearms
 + Level 1.2 Staves
 + Level 1.2 Slings
 + Level 1.2 Bows
 + Level 1.2 Crossbows
 + Level 1.2 Throwing
 + Level 4.7 Armour
 + Level 2.8 Dodging
 + Level 1.2 Stealth
 + Level 1.2 Shields
 + Level 1.2 Unarmed Combat
 + Level 1.2 Spellcasting
 + Level 1.0 Conjurations
 + Level 1.0 Hexes
 + Level 1.0 Summonings
 + Level 1.0 Necromancy
 + Level 1.0 Translocations
 + Level 1.0 Transmutations
 + Level 1.0 Fire Magic
 + Level 1.0 Ice Magic
 + Level 1.0 Air Magic
 + Level 1.0 Earth Magic
 + Level 1.0 Poison Magic
 + Level 1.3 Invocations
 + Level 1.2 Evocations


You had 5 spell levels left.
You didn't know any spells.
Your spell library was empty.

Dungeon Overview and Level Annotations

Branches:
Dungeon (3/15)

Altars:

Annotations:
D:3 Terence


Innate Abilities, Weirdness & Mutations

You have very sharp teeth.
Your uncanny sense of smell can sniff out nearby items.
Your experience applies equally to all skills.


Message History

Unknown command.
s - a scroll labelled VEMPEC IBBIOSCH
d - 4 scrolls labelled APNOEMUEFUI (gained 1) Terence the hog comes into view.
Terence is nearby!
Terence squeals angrily.
You aren't carrying any items that you can evoke.
Unknown command.
It was a potion of heal wounds.
You feel much better.
It was a potion of curing.
You feel better.
Xom roars with laughter!
It was a potion of degeneration.
There was something very wrong with that liquid.
You feel weakened.
You feel dopey.
You feel clumsy.
It was a potion of invisibility.
You fade into invisibility!
Terence closely misses you.
You are very lightly contaminated with residual magic.
You hit Terence.
Terence the hog changes into a shapeshifter!
Terence the shapeshifter changes into something you cannot see!
Deactivating autopickup; reactivate with Ctrl-A.
You hit something.
Nothing appears to happen.
Something hits you. x2
You miss something. Something hits you but does no damage.
You closely miss something. Something hits you.
Something completely misses you.
You completely miss something. Something hits you. Something hits you.
Something hits you.
You hit something.
Nothing appears to happen.
Your bite misses something. Something completely misses you.
Something hits you but does no damage. x2
You closely miss something. Something hits you! Something hits you.
* * * LOW HITPOINT WARNING * * *
Something hits you.
* * * LOW HITPOINT WARNING * * *
Something completely misses you. Something hits you!
You die... "What!?
That's it?"

### .. #######.###.
#...p.....#.###########
#.#####.#....@........#
#.# #.....#########.#
#.#
#######...#####.#######
#.####
#.#..............
#....#
#...#############
####.#### ##.## #....##
#.#
##.###.#####.##########
#.## ##...............#


There were no monsters in sight!

Vanquished Creatures
  An orc priest (D:3)
  An adder (D:3)
  2 worms (D:3)
  A dart slug (D:3)
  3 orcs (D:3)
  4 ball pythons
  6 bats
  3 endoplasms
  A giant cockroach (D:1)
  5 goblins
  5 hobgoblins
  5 kobolds
  A quokka (D:3)
  3 rats
41 creatures vanquished.

Notes
Turn   | Place    | Note
-------+----------+-------------------------------------------
     0 | D:1      | tensugalgo the Gnoll Chaos Knight began the quest for the
                  | Orb.
     0 | D:1      | Reached XP level 1. HP: 23/23 MP: 1/1
    21 | D:1      | XOM: silly message
   133 | D:1      | Reached XP level 2. HP: 27/29 MP: 2/2
   545 | D:1      | XOM: cloud trail
   671 | D:1      | XOM: silly message
   874 | D:2      | Reached XP level 3. HP: 35/35 MP: 3/3
  1275 | D:2      | Found a faded altar of an unknown god.
  1402 | D:2      | Reached skill level 1 in Invocations
  1715 | D:3      | XOM: 8-stop teleportation journey
  1716 | D:3      | Reached skill level 1 in Long Blades
  1716 | D:3      | Reached skill level 1 in Axes
  1716 | D:3      | Reached skill level 1 in Maces & Flails
  1716 | D:3      | Reached skill level 1 in Polearms
  1716 | D:3      | Reached skill level 1 in Staves
  1716 | D:3      | Reached skill level 1 in Slings
  1716 | D:3      | Reached skill level 1 in Bows
  1716 | D:3      | Reached skill level 1 in Crossbows
  1716 | D:3      | Reached skill level 1 in Throwing
  1716 | D:3      | Reached skill level 1 in Stealth
  1716 | D:3      | Reached skill level 1 in Shields
  1716 | D:3      | Reached skill level 1 in Unarmed Combat
  1716 | D:3      | Reached skill level 1 in Spellcasting
  1716 | D:3      | Reached skill level 1 in Evocations
  1835 | D:3      | Reached XP level 4. HP: 25/41 MP: 5/5
  1840 | D:3      | Reached skill level 1 in Conjurations
  1840 | D:3      | Reached skill level 1 in Hexes
  1840 | D:3      | Reached skill level 1 in Summonings
  1840 | D:3      | Reached skill level 1 in Necromancy
  1840 | D:3      | Reached skill level 1 in Translocations
  1840 | D:3      | Reached skill level 1 in Transmutations
  1840 | D:3      | Reached skill level 1 in Fire Magic
  1840 | D:3      | Reached skill level 1 in Ice Magic
  1840 | D:3      | Reached skill level 1 in Air Magic
  1840 | D:3      | Reached skill level 1 in Earth Magic
  1840 | D:3      | Reached skill level 1 in Poison Magic
  2062 | D:2      | XOM: summons 4 hostile shadow creatures
  2163 | D:3      | XOM: silly message
  2224 | D:3      | XOM: summons 1 hostile demon
  2542 | D:3      | Noticed Terence
  2545 | D:3      | XOM: enchant monster (good)
  2550 | D:3      | Noticed Terence
  2550 | D:3      | XOM: 1-stop teleportation journey
  2606 | D:3      | Noticed Terence
  2612 | D:3      | Noticed Terence
  2612 | D:3      | Terence the hog changed into Terence the shapeshifter
  2612 | D:3      | Terence the shapeshifter changed into something unseen
  2624 | D:3      | Slain by Terence the unseen horror (shapeshifter)

Illustrated notes

Levels and vault maps discovered:
D:1:      dpeg_arrival_tiny_e, layout_loops_ring, minmay_misc_feat_rows
D:2:      layout_basic, serial_aquarium, aquarium_bridge_square
          [aquarium_subvault_bridge, aquarium_subvault_wall,
          aquarium_subvault_window, aquarium_subvault_bridge],
          aquarium_window_fake, aquarium_window_fake, aquarium_window_1,
          aquarium_view_2c, aquarium_view_2f, aquarium_balcony_1b,
          shapermc_ecumenical_altar_venn
D:3:      layout_loops_ring, dk_vineyard_1, uniq_terence

Skill      XL: |  1  2  3  4 |
---------------+-------------+-----
Invocations    | 1 |  1.3
Long Blades    | 1 |  1.2
Axes           | 1 |  1.2
Maces & Flails | 1 |  1.2
Polearms       | 1 |  1.2
Staves         | 1 |  1.2
Slings         | 1 |  1.2
Bows           | 1 |  1.2
Crossbows      | 1 |  1.2
Throwing       | 1 |  1.2
Stealth        | 1 |  1.2
Shields        | 1 |  1.2
Unarmed Combat | 1 |  1.2
Spellcasting   | 1 |  1.2
Evocations     | 1 |  1.2
Conjurations   | 1 |  1.0
Hexes          | 1 |  1.0
Summonings     | 1 |  1.0
Necromancy     | 1 |  1.0
Translocations | 1 |  1.0
Transmutations | 1 |  1.0
Fire Magic     | 1 |  1.0
Ice Magic      | 1 |  1.0
Air Magic      | 1 |  1.0
Earth Magic    | 1 |  1.0
Poison Magic   | 1 |  1.0
Fighting       | |  6.6
Short Blades   | |  6.6
Armour         | |  4.7
Dodging        | |  2.8

Action                   |  1- 3 |  4- 6 || total
-------------------------+-------+-------++-------
Melee: Short sword       |    98 |    75 ||   173
       Bite              |     7 |     2 ||     9
       Punch             |       |     1 ||     1
  Use: Potion            |       |     4 ||     4
 Stab: Sleeping          |     1 |       ||     1
       Paralysed         |     2 |       ||     2
Armor: Leather armour    |    15 |       ||    15
       Scale mail        |    24 |    47 ||    71
Dodge: Dodged            |    44 |    32 ||    76

Table legend: (Time is in decaauts)
 A = Elapsed time spent in this place.
 B = Non-inter-level travel time spent in this place.
 C = Inter-level travel time spent in this place.
 D = Time resting spent in this place.
 E = Time spent auto-exploring this place.
 F = Levels seen in this place.
 G = Mean time per level.
                   A        B        C        D        E       F      G
               +--------+--------+--------+--------+--------+-----+--------+
         Total |   2585 |   2568 |     17 |    212 |   2007 |   3 |  861.7 |
       Dungeon |   2585 |   2568 |     17 |    212 |   2007 |   3 |  861.7 |
               +--------+--------+--------+--------+--------+-----+--------+

Top non-repeatable levels by time:
     D:2: 1010 daAuts
     D:1: 857 daAuts
     D:3: 717 daAuts
